 Dungeon Crawl Stone Soup version 0.27.1-4-g1640c2035a (webtiles) character file.

Game seed: 2138984159013120458

5210 raph the Magician (level 10, -6/76 HPs)
             Began as a Djinni Fire Elementalist on Nov 13, 2021.
             Was an Elder of Ashenzari.
             Mangled by a two-headed ogre (27 damage)
             ... on level 9 of the Dungeon.
             The game lasted 00:25:04 (14163 turns).

raph the Magician (Djinni Fire Elementalist)       Turns: 14163, Time: 00:25:05

Health: -6/76      AC: 11    Str:  7    XL:     10   Next: 91%
Gold:   117        EV: 14    Int: 20    God:    Ashenzari [****..] SH:  0 Dex: 14

rFire    + + .     SeeInvis +   D - +10 trident "Ruined Together" {holy, Stlth+, Range, Melee} (curse)
rCold    x . .     Faith    .   (no shield)
rNeg     . . .     Spirit   .   A - +0 troll leather armour "Share My Existentialism" {Regen+, Purgy, Evo, Fort} (curse)
rPois    ∞         Reflect  .   r - +1 helmet of Supernal Wisdom {SInv, Self, Fort} (curse)
rElec    .         Harm     .   u - +0 cloak "Ensconced Seeker" {Melee, Range} (curse)
rCorr    .         Rampage  .   q - +1 pair of gloves of the All-Knowing {Melee, Fort} (curse)
Will     +....     Clarity  +   (boots unavailable)
Stlth    ++++......             p - amulet "Burden of Ashenzari" {Acrobat, Fort, Evo} (curse)
HPRegen  1.22/turn              f - ring of see invisible
MPRegen  0.00/turn              (no ring)

@: flying
A: sickness immunity, fire resistance 2, cold vulnerability 1, float, innate
caster, hp casting, extra vitality 1
a: Renounce Religion, Shatter the Chains


You were on level 9 of the Dungeon.
You worshipped Ashenzari.
Ashenzari was greatly pleased with you.
You visited 1 branch of the dungeon, and saw 9 of its levels.
You also visited: Sewer and Ossuary.

You collected 405 gold pieces.
You spent 288 gold pieces at shops.

Inventory:

Hand Weapons
 C - a +2 vorpal trident
 D - the cursed +10 trident "Ruined Together" (weapon) {holy, Stlth+, Range, Melee}
   (You found it on level 7 of the Dungeon)

   It has been blessed by the Shining One to cause great damage to the undead
   and demons.
   Stlth:     It makes you more stealthy.
   It has a curse which improves the following skills: Ranged Combat: Slings,
   Bows, Crossbows and Throwing.
   Melee Combat: Short Blades, Long Blades, Axes, Maces & Flails, Polearms,
   Staves and Unarmed Combat.
Missiles
 b - 2 boomerangs of dispersal
Armour
 a - a +1 robe
 q - the cursed +1 pair of gloves of the All-Knowing (worn) {Melee, Fort}
   (You found it on level 4 of the Dungeon)

   It has a curse which improves the following skills: Melee Combat: Short
   Blades, Long Blades, Axes, Maces & Flails, Polearms, Staves and Unarmed
   Combat.
   Fortitude: Armour and Shields.
 r - the cursed +1 helmet of Supernal Wisdom (worn) {SInv, Self, Fort}
   (You bought it in a shop on level 4 of the Dungeon)

   It has a curse which improves the following skills: Introspection: Fighting
   and Spellcasting.
   Fortitude: Armour and Shields.
 u - the cursed +0 cloak "Ensconced Seeker" (worn) {Melee, Range}
   (You took it off Crazy Yiuf on level 4 of the Dungeon)

   It has a curse which improves the following skills: Melee Combat: Short
   Blades, Long Blades, Axes, Maces & Flails, Polearms, Staves and Unarmed
   Combat.
   Ranged Combat: Slings, Bows, Crossbows and Throwing.
 A - the cursed +0 troll leather armour "Share My Existentialism" (worn) {Regen+, Purgy, Evo, Fort}
   (You found it in a sewer)

   Regen:     It increases your rate of health regeneration.
   It has a curse which improves the following skills: Evocations: Evocations.
   Fortitude: Armour and Shields.
Magical Staves
 y - a staff of fire
Jewellery
 f - a ring of see invisible (left hand)
 p - the cursed amulet "Burden of Ashenzari" (around neck) {Acrobat, Fort, Evo}
   (You found it on level 9 of the Dungeon)

   [amulet of the acrobat]

   It increases your evasion while moving and waiting.
   It has a curse which improves the following skills: Fortitude: Armour and
   Shields.
   Evocations: Evocations.
 t - the ring "Ystro Cast" {Fire Contam Str+2 Dex+7 Stlth+}
   (You found it on level 9 of the Dungeon)

   [ring of fire]

   It enhances your fire magic.
   Str:       It affects your strength (+2).
   Dex:       It affects your dexterity (+7).
   rF:        It protects you from fire.
   rC:        It makes you vulnerable to cold.
   Contam:    It causes magical contamination when unequipped.
   Stlth:     It makes you more stealthy.
Wands
 d - a wand of mindburst (17)
 g - a wand of paralysis (9)
Scrolls
 k - 3 scrolls of teleportation
 o - 3 scrolls of magic mapping
 s - 4 scrolls of noise
 w - 2 scrolls of fear
Potions
 c - a potion of ambrosia
 e - 9 potions of curing
 h - 3 potions of heal wounds
 i - 2 potions of berserk rage
 j - a potion of lignification
 l - 4 potions of haste
 m - 2 potions of might
 n - 6 potions of flight
 x - a potion of resistance
 z - 3 potions of brilliance
Miscellaneous
 v - a tin of tremorstones (2/2)


   Skills:
 + Level 5.8(8.1) Fighting
 * Level 4.0(8.2) Polearms
 + Level 3.2(7.9) Armour
 + Level 6.9 Dodging
 + Level 5.6 Stealth
 + Level 7.8(10.1) Spellcasting


You had 4 spell levels left.
You knew the following spells:

 Your Spells              Type           Power      Damage    Failure   Level
a - Foxfire               Conj/Fire      100%       2x1d9     1%          1
b - Conjure Flame         Conj/Fire      50%        6-21      1%          3
c - Inner Flame           Hex/Fire       50%        N/A       1%          3
d - Sticky Flame          Conj/Fire      50%        2d7       1%          4
e - Fireball              Conj/Fire      25%        3d11      4%          5
f - Freeze                Ice            100%       1d11      1%          1
g - Searing Ray           Conj           100%       3d7       1%          2
h - Ignite Poison         Fire/Tmut/Pois 50%        N/A       1%          3
i - Swiftness             Air            50%        N/A       1%          3
Your spell library was empty.

Dungeon Overview and Level Annotations

Branches:
Dungeon (9/15)             Temple (0/1) D:6           Sewer (visited)
Ossuary (visited)
   Lair: D:8-11         Orc: D:9-12

Altars:
Ashenzari
Fedhas
Vehumet
Wu Jian
Xom
Zin
The Shining One

Shops:
D:4 [   D:7 *   D:9 *

Annotations:
D:3 2 runed translucent doors, Jaiteiro's ghost, amateur GnFi
D:6 2 runed translucent doors
D:8 Maurice


Innate Abilities, Weirdness & Mutations

You are immune to sickness and miasma.
You are immune to poison.
Your flesh is very heat resistant. (rF++)
You are vulnerable to cold. (rC-)
You float through the air rather than walking.
You learn spells naturally, not from books.
Your magical power is your life essence.
You have superior vitality. (+4 HP)


Message History

You hear a shout! x2
You reach to attack!
You puncture the orc wizard!
The orc wizard is severely wounded.
You reach to attack!
You puncture the orc wizard!
You kill the orc wizard!
You reach to attack!
You puncture the orc warrior!
The orc warrior is moderately wounded.
An orc wizard comes into view. It is wielding a +0 dagger.
You closely miss the orc warrior.
The orc warrior is moderately wounded.
The orc warrior barely misses you.
You closely miss the orc warrior.
The orc warrior is moderately wounded.
The orc warrior misses you.
The two-headed ogre hits you but does no damage.
The two-headed ogre hits you with a +0 giant club!
You hit the orc warrior.
The orc warrior is heavily wounded.
The orc warrior barely misses you.
You puncture the orc warrior!
The orc warrior is almost dead.
The two-headed ogre hits you with a +0 giant club!
The two-headed ogre closely misses you.
The orc warrior hits you with a +0 short sword.
You hit the orc warrior.
The orc warrior is almost dead.
The two-headed ogre hits you with a +0 giant club!
The two-headed ogre closely misses you.
You hit the orc warrior.
You kill the orc warrior!
You puncture the two-headed ogre!
The two-headed ogre is lightly wounded.
The orc wizard mumbles some strange words.
The orc wizard flickers and vanishes for a moment.
The orc priest calls down the wrath of Beogh upon you.
You resist with significant effort.
The two-headed ogre hits you with a +0 giant club!!
* * * LOW HITPOINT WARNING * * *
The two-headed ogre hits you with a +0 giant club!!
You die...

* ,..........## * *
#######+#### * ####...#
# ###...### # # *
###..#### * * *##'#*
###.######### ,,,
.....########......#####
,
....o)O######.......(###
, , #o@.........(.#...#
, ########......###.# *,
,, ,,
{########......###.. * ,
,* #...(..####. , ,, ,,
* #......# ### ,, {,
######## ## , , ,, * * *


You could see a two-headed ogre, an orc priest and an orc wizard (invisible).

Vanquished Creatures
  A two-headed ogre (D:8)
  Pikel (D:5)
  Psyche (D:8)
  Grinder (D:3)
  A wraith (D:9)
  Grum (D:8)
  2 acid dragons (D:8)
  A water moccasin (D:8)
  3 orc warriors
  Purgy (Sewer)
  An ice beast (D:8)
  2 sky beasts
  3 black bears
  2 ogres
  4 wolves (D:8)
  A centaur (D:9)
  3 bullfrogs
  2 water moccasin skeletons (D:4)
  3 killer bees (D:8)
  4 wights (D:8)
  An electric eel (D:8)
  A howler monkey (D:5)
  A centaur zombie (D:7)
  2 hounds
  Crazy Yiuf (D:4)
  An orc priest (D:9)
  A centaur skeleton (D:7)
  3 iguanas
  3 gnoll shamans
  4 orc wizards
  A killer bee zombie (D:8)
  2 hound zombies (D:5)
  3 mummies (Ossuary)
  A hound skeleton (D:5)
  12 gnolls
  6 adders
  A howler monkey skeleton (D:7)
  A river rat (D:6)
  2 white imps
  2 ufetubi
  4 adder zombies
  An adder skeleton (D:2)
  5 worms
  3 dart slugs
  32 orcs
  4 endoplasms
  7 giant cockroaches
  8 goblins
  4 hobgoblins
  9 jackals (D:1)
  6 kobolds
  4 quokkas
  11 ball pythons
  6 bats
  6 frilled lizards
  4 goblin zombies (Ossuary)
  3 hobgoblin zombies (Ossuary)
  3 kobold zombies (Ossuary)
  A quokka zombie (Ossuary)
  7 rats
  4 rat zombies (Ossuary)
219 creatures vanquished.

Vanquished Creatures (collateral kills)
  A foxfire (D:4)
1 creature vanquished.

Vanquished Creatures (others)
  434 foxfires
  7 plants
441 creatures vanquished.

Grand Total: 661 creatures vanquished

Notes
Turn   | Place    | Note
-------+----------+-------------------------------------------
     0 | D:1      | raph the Djinni Fire Elementalist began the quest for the
                  | Orb.
     0 | D:1      | Reached XP level 1. HP: 15/15 MP: 0/0
   298 | D:1      | Reached XP level 2. HP: 11/22 MP: 0/0
  1342 | D:1      | Reached XP level 3. HP: 25/26 MP: 0/0
  1342 | D:1      | Learned a level 1 spell: Freeze
  1668 | D:1      | Reached skill level 1 in Fighting
  2151 | D:2      | You are sucked into a shaft and drop 2 floors!
  2700 | D:2      | Reached XP level 4. HP: 28/32 MP: 0/0
  2701 | D:2      | Found a faded altar of an unknown god.
  3200 | D:2      | Reached skill level 3 in Spellcasting
  4256 | D:3      | Noticed Grinder
  4275 | D:3      | Found a runed translucent door.
  4276 | D:3      | Killed Grinder
  4277 | D:3      | Reached XP level 5. HP: 20/39 MP: 0/0
  4277 | D:3      | Learned a level 2 spell: Searing Ray
  4277 | D:3      | Reached XP level 6. HP: 23/45 MP: 0/0
  4529 | D:3      | Noticed Jaiteiro's ghost (amateur GnFi)
  4751 | D:3      | Found an ornate altar of the Wu Jian Council.
  4958 | D:3      | Found a runed translucent door.
  5422 | D:4      | Noticed an ogre
  5428 | D:4      | Killed an ogre
  5429 | D:4      | Reached skill level 4 in Spellcasting
  5429 | D:4      | Reached XP level 7. HP: 46/49 MP: 0/0
  5429 | D:4      | Learned a level 3 spell: Ignite Poison
  5895 | D:4      | Found Takis's Armour Shoppe.
  5906 | D:4      | Bought a +0 helmet of see invisible for 138 gold pieces
  5947 | D:4      | Found a runed translucent door.
  5948 | D:4      | Noticed Crazy Yiuf
  7122 | D:4      | Killed Crazy Yiuf
  7380 | D:5      | Entered Level 5 of the Dungeon
  7420 | D:5      | Reached XP level 8. HP: 51/56 MP: 0/0
  7574 | D:5      | Found a glowing silver altar of Zin.
  7852 | D:5      | Noticed Pikel
  8539 | D:5      | Found a broken altar of Ashenzari.
  8592 | D:5      | Became a worshipper of Ashenzari the Shackled
  8761 | D:5      | Killed Pikel
  8762 | D:5      | Reached skill level 5 in Dodging
  8762 | D:5      | Reached skill level 5 in Spellcasting
  8965 | D:5      | Reached XP level 9. HP: 56/63 MP: 0/0
  8965 | D:5      | Learned a level 3 spell: Swiftness
  9338 | D:6      | Identified the +11 short sword "Jegi Keza" {chaos, rC+}
  9357 | D:6      | Found a blossoming altar of Fedhas.
  9469 | D:6      | Found a glowing drain.
  9473 | Sewer    | Entered a sewer
  9587 | Sewer    | Noticed Purgy
  9593 | Sewer    | Killed Purgy
  9594 | Sewer    | Reached skill level 6 in Spellcasting
  9847 | D:6      | Identified the +0 chain mail of Spring Thaw {MP+9 Dex+4
                  | Slay+2}
  9897 | D:6      | Found a large runed translucent door.
  9898 | D:6      | Found a large runed translucent door.
  9899 | D:6      | Found a shimmering altar of Xom.
  9986 | D:6      | Found a staircase to the Ecumenical Temple.
 10197 | D:6      | Reached * piety under Ashenzari
 10801 | D:6      | Reached skill level 7 in Spellcasting
 11132 | D:7      | Reached ** piety under Ashenzari
 11145 | D:7      | Identified the +10 trident of Xom's Righteous Anger {holy,
                  | Stlth+}
 11275 | D:7      | Found Uwka's Serpentskin Sales.
 11357 | D:7      | Found a glowing golden altar of the Shining One.
 11728 | D:8      | Noticed Psyche
 11735 | D:8      | Killed Psyche
 11736 | D:8      | Reached skill level 1 in Polearms
 11769 | D:8      | Reached skill level 1 in Armour
 11780 | D:8      | Reached XP level 10. HP: 63/72 MP: 0/0
 11831 | D:8      | Reached *** piety under Ashenzari
 11833 | D:8      | Noticed a two-headed ogre
 11838 | D:8      | Killed a two-headed ogre
 11839 | D:8      | Reached skill level 5 in Fighting
 11839 | D:8      | Reached skill level 5 in Stealth
 11919 | D:8      | Found a sand-covered staircase.
 11924 | Ossuary  | Entered an ossuary
 12726 | D:8      | Noticed Maurice
 13246 | D:8      | Noticed Grum
 13253 | D:8      | Killed Grum
 13463 | D:8      | Identified the +2 leather armour of Vuujiypn {Dex+2}
 13885 | D:9      | Found Caojin's Assorted Antiques.
 13902 | D:9      | Bought a potion of heal wounds for 150 gold pieces
 13961 | D:9      | Identified the Collected Works on Blows and Bruises
 13978 | D:9      | Reached **** piety under Ashenzari
 14005 | D:9      | Identified the ring "Ystro Cast" {Fire Contam Str+2 Dex+7
                  | Stlth+}
 14153 | D:9      | Noticed a two-headed ogre
 14163 | D:9      | Mangled by a two-headed ogre

Illustrated notes

Levels and vault maps discovered:
D:1:      amcnicky_arrival_abandoned_market, layout_basic, st_stairs_13,
          minmay_misc_feat_iff
D:2:      minmay_razor_zed, layout_loops_ring, basic_ecumenical_altar
D:3:      layout_basic, lemuel_doored_altar, mainiacjoe_overflow_brackets,
          ebering_ghost_sewer_f, uniq_grinder
D:4:      layout_layer_cave, serial_forest, infiniplex_forest_end_double,
          infiniplex_forest_straight_3, infiniplex_forest_clump_small,
          infiniplex_forest_clump_curved, infiniplex_forest_corner_2,
          infiniplex_forest_pool, infiniplex_forest_straight_5, serial_shops,
          shop, uniq_crazy_yiuf_cottage
D:5:      layout_loops_corners, old_standard_altar, evilmike_ruin_ashenzari,
          hangedman_abyss_or_decor_stagger, uniq_pikel
D:6:      due_chaos_kobolds, layout_loops_corners, fedhas_ov_isle_minmay,
          minmay_temple_entry_glass, gup_sewer_entry_spiral, minivault_27,
          hangedman_glass_teeth
D:7:      layout_loops_ring, nicolae_tso_swordbearing_angel, guppyfry_shop_venom
D:8:      layout_basic, enter_ossuary_2, kennysheep_path_1, uniq_grum,
          uniq_psyche, uniq_maurice
D:9:      layout_roguey, nicolae_qazlal_scattered_showers, hiddenorc1_lemuel,
          serial_shops, shop, lemuel_flamethrower_hall

Skill      XL: |  1  2  3  4  5  6  7  8  9 10 |
---------------+-------------------------------+-----
Fighting       | 1 2 3 4 5 |  5.8
Stealth        | 2 3 4 5 |  5.6
Spellcasting   | 3 4 5 7 |  7.8
Dodging        | 3 4 5 6 |  6.9
Polearms       | 1 4 |  4.0
Armour         | 1 3 |  3.2

Action                   |  1- 3 |  4- 6 |  7- 9 | 10-12 || total
-------------------------+-------+-------+-------+-------++-------
Melee: Short sword       |     1 |       |       |       ||     1
       Quarterstaff      |     9 |    12 |       |       ||    21
       Dagger            |       |       |     5 |       ||     5
       War axe           |       |       |    17 |       ||    17
       Trident           |       |       |    45 |    51 ||    96
       Spear             |       |       |    33 |       ||    33
 Cast: Foxfire           |    58 |   107 |    88 |       ||   253
       Searing Ray       |       |       |    23 |    10 ||    33
       Sticky Flame      |       |       |    12 |     4 ||    16
       Conjure Flame     |       |       |     2 |     9 ||    11
       Fireball          |       |       |     4 |    10 ||    14
Invok: Curse Item        |       |       |     3 |     3 ||     6
  Use: Scroll            |       |     5 |     3 |       ||     8
 Stab: Sleeping          |       |       |     7 |     5 ||    12
Armor: Robe              |     3 |     6 |    19 |       ||    28
       Troll leather arm |       |       |    37 |    19 ||    56
Dodge: Dodged            |    16 |    21 |   103 |    32 ||   172
